Cogmind - Beta 15 @@@ ROGUE MODE // 2025.08.25 @ 17:45:42 Player: shapeshifter Result: Destroyed by D-53 Grenadier with Mini Grenade Launcher Performance ------------- Evolutions (1) 500 Regions Visited (4) 800 Robots Destroyed (56) 280 Value Destroyed (1222) 1222 Prototype IDs (24) 480 Alien Tech Used (0) 0 Bonus (291) 291 TOTAL SCORE: 3573 Bonus ------- High Alert Combat Kills 27 Aligned with FarCom 300 Friendly Fire -36 Cogmind --------- Core Integrity 0/400 Matter 2/300 Energy 160/160 System Corruption 0% Temperature Warm (139) Movement Treading (160) Location -9/Exiles Parts ------- > --- POWER (1) -------- Light Nuclear Core > --- PROPULSION (3) --- Light Treads Light Treads Light Treads > --- UTILITY (2) ------ High-capacity Storage Unit Hardened Light Armor Plating > --- WEAPON (3) ------- Light Assault Rifle Autogun > --- INVENTORY (20) --- Nuclear Core Light Fission Core Light Fission Core Light Treads High-capacity Storage Unit Light Armor Plating Guided Plasma Cannon Light Assault Rifle Heavy Assault Rifle Heavy Assault Rifle Rocket Launcher Plasma Cutter Peak State ------------ > --- POWER ------------ Light Nuclear Core > --- PROPULSION ------- Light Treads Light Treads Light Treads > --- UTILITY ---------- High-capacity Storage Unit Hardened Light Armor Plating > --- WEAPON ----------- Heavy Assault Rifle Autogun Autogun > --- INVENTORY -------- Nuclear Core Light Fission Core Light Fission Core Light Treads Light Treads Light Treads Light Treads Light Treads High-capacity Storage Unit Light Armor Plating Hardened Light Armor Plating Guided Plasma Cannon Light Assault Rifle Light Assault Rifle Heavy Assault Rifle Heavy Assault Rifle Autogun Rocket Launcher Plasma Cutter [Rating: 19] Favorites ----------- Power Light Nuclear Core Engine Improved Ion Engine Power Core Light Nuclear Core Propulsion Light Treads Treads Light Treads Utility Hardened Light Armor Plating Device Seismic Detector Storage Medium Storage Unit Protection Hardened Light Armor Plating Weapon Autogun Energy Gun Medium Laser Ballistic Gun Autogun Launcher Mini Grenade Launcher Build | -11 -10 -9 -9 -9 ------- Run | Yrd Mat Mat Min Exi Slots Evolved 2 | . . 2 . . Power . | . . . . . Propulsion 1 | . . 1 . . Utility . | . . . . . Weapon 1 | . . 1 . . Parts Attached 38 | 7 2 19 1 9 Power 6 | 1 1 4 . . Engine 5 | 1 1 3 . . Core 1 | . . 1 . . Reactor . | . . . . . Propulsion 12 | 2 . 6 . 4 Treads 12 | 2 . 6 . 4 Leg . | . . . . . Wheel . | . . . . . Hover . | . . . . . Flight . | . . . . . Utility 9 | 2 1 4 1 1 Device 1 | 1 . . . . Storage 4 | 1 . 2 . 1 Processor . | . . . . . Hackware . | . . . . . Protection 4 | . 1 2 1 . Artifact . | . . . . . Weapon 11 | 2 . 5 . 4 Energy Gun 2 | 1 . 1 . . Energy Cannon . | . . . . . Ballistic Gun 7 | 1 . 3 . 3 Ballistic Cannon . | . . . . . Launcher 2 | . . 1 . 1 Special Weapon . | . . . . . Impact Weapon . | . . . . . Slashing Weapon . | . . . . . Piercing Weapon . | . . . . . Special Melee Weapon . | . . . . . Unidentified Prototypes 1 | . . 1 . . Parts Lost 9 | . . 1 . 8 Power . | . . . . . Propulsion 4 | . . . . 4 Utility 1 | . . . . 1 Weapon 4 | . . 1 . 3 Highest Loss Streak 8 | . . 1 . 8 To Critical Strikes 5 | . . . . 5 Average Backups 10 | 3 7 9 14 16 Power . | 1 1 . . 1 Propulsion 3 | 1 2 2 5 4 Utility 3 | . 3 3 3 2 Weapon 3 | . 1 2 5 6 Tool/Special . | . . . . . Unused Backups 25 | . 1 13 . 11 Power 4 | . . 1 . 3 Propulsion 3 | . . 2 . 1 Utility 11 | . . 8 . 3 Weapon 6 | . 1 2 . 3 Tool/Special 1 | . . . . 1 Average Slot Usage (%) 97 | . 100 96 100 99 Engine 5 | . 14 7 . . Core 5 | . . 3 11 11 Treads 31 | . 28 30 33 32 Storage 11 | . 14 11 11 11 Protection 10 | . 8 11 11 11 Energy Gun 3 | . 14 3 . . Ballistic Gun 26 | . 14 25 33 32 Launcher 1 | . . 2 . . Peak Build Rating 19 | 7 8 16 17 19 Average Rating 14 | 4 7 14 16 17 On Entrance 9 | . 7 8 16 17 Naked Turns . | . . . . . Heaviest Build 59 | 14 16 39 39 59 Greatest Support 60 | 40 40 60 60 60 Greatest Overweight (x) . | . . . . . Average Overweight (x) . | . . . . . Largest Inventory Capacity 20 | 8 8 15 15 20 Average Capacity 12 | 7 8 9 15 19 Most Carried 19 | 7 8 13 15 19 Average Carried 10 | 3 7 9 14 16 Final Capacity 20 | 8 8 15 15 20 Final Carried 15 | 5 8 13 15 12 Class Distribution -------------------- 60% | Scavenger-Tank 21% | Mutant 18% | Tank Dominant Class ---------------- Mutant | -10/Materials Scavenger-Tank | -9/Materials Scavenger-Tank | -9/Mines Scavenger-Tank | -9/Exiles Resources | -11 -10 -9 -9 -9 ----------- Run | Yrd Mat Mat Min Exi Matter Collected 1243 | 273 63 793 99 15 Remotely . | . . . . . Salvage Created 1931 | 26 313 1394 198 . Parts 154 | 6 13 119 16 . Haulers Intercepted 5 | . . 5 . . Recyclers Shooed 2 | . . 1 1 . Parts Field Recycled . | . . . . . Retrieved Matter . | . . . . . Parts Self-Destructed . | . . . . . Prevented . | . . . . . Kills | -11 -10 -9 -9 -9 ------- Run | Yrd Mat Mat Min Exi Combat Hostiles Destroyed 39 | . 7 29 3 . Guns 38 | . 7 28 3 . AOE 1 | . . 1 . . Classes Destroyed 8 | 1 1 5 1 . Worker 4 | . . 3 1 . Tunneler 1 | 1 . . . . Hauler 5 | . . 5 . . Recycler 2 | . . . 2 . Watcher 5 | . . 5 . . Swarmer 16 | . . 13 3 . Grunt 15 | . 7 8 . . Sentry 8 | . . 8 . . Best Kill Streak 9 | 1 3 9 3 . Combat Bots Only 6 | . 3 6 3 . Max Kills in Single Turn 2 | 1 1 2 2 . Gunslinging 1 | . . 1 1 . Exploded 1 | . . 1 . . Melee . | . . . . . Uniques/NPCs Destroyed . | . . . . . Combat | -11 -10 -9 -9 -9 -------- Run | Yrd Mat Mat Min Exi Hostile Shots Fired 270 | . 40 142 14 74 Missed 70 | . 7 48 3 12 Hits 200 | . 33 94 11 62 Projectile 200 | . 33 94 11 62 AOE 5 | . . . . 5 Critical Strikes 32 | . . 3 . 29 Damage Taken 2916 | . 434 1049 94 1339 Core 529 | . 88 93 8 340 Absorbed by Shields . | . . . . . Core Remaining (%) 82 | 100 64 . . . Volleys Fired 180 | 3 43 96 9 29 Largest 3 | 2 2 3 3 3 Hottest 100 | 70 70 100 69 69 Shots Fired 429 | 6 86 235 27 75 Gun 426 | 6 86 233 27 74 Cannon . | . . . . . Launcher 3 | . . 2 . 1 Special . | . . . . . Kinetic 333 | 3 43 186 27 74 Thermal 93 | 3 43 47 . . Explosive 3 | . . 2 . 1 Electromagnetic . | . . . . . Robot Hit Streak 15 | 2 15 15 4 6 Robot Miss Streak 7 | 1 5 7 3 4 Penetration Max . | . . . . . Secondary Targets 7 | . . 6 1 . Max Gunslinging Chain 2 | . . 2 1 . Shots Hit Robots 244 | 4 59 122 12 47 Core Hits 97 | 1 19 61 7 9 Critical Kills . | . . . . . Critical Parts Destroyed 1 | . . . . 1 Critical Strikes 5 | . 3 1 . 1 Burn 4 | . 3 1 . . Destroy 1 | . . . . 1 Melee Attacks . | . . . . . Impact . | . . . . . Slashing . | . . . . . Piercing . | . . . . . Sneak Attacks . | . . . . . Combat Hostiles . | . . . . . Follow-up Attacks . | . . . . . Damage Inflicted 3309 | 40 602 1850 208 609 Guns 3178 | 40 602 1719 208 609 Cannons . | . . . . . Explosions 131 | . . 131 . . Melee . | . . . . . Ramming . | . . . . . Kinetic 2476 | 15 250 1394 208 609 Thermal 702 | 25 352 325 . . Explosive 131 | . . 131 . . Electromagnetic . | . . . . . Impact . | . . . . . Slashing . | . . . . . Piercing . | . . . . . Highest Corruption . | . . . . . Average Corruption . | . . . . . Corruption Purged . | . . . . . Corruption Blocked . | . . . . . Overload Shots . | . . . . . Overflow Damage . | . . . . . Projectiles . | . . . . . Explosions . | . . . . . Melee . | . . . . . Knockbacks . | . . . . . Impact . | . . . . . Kinetic . | . . . . . Secondary . | . . . . . Self-Inflicted Damage . | . . . . . Shots . | . . . . . Rammed . | . . . . . Targets Rammed . | . . . . . Kicked . | . . . . . Crushed . | . . . . . Highest Temperature 328 | 60 328 320 116 262 Average Temperature 96 | 26 112 85 43 146 Received Heat Transfer 549 | . 249 294 . 6 Effects 2 | . 2 . . . Interference 2 | . 2 . . . Siege Activations . | . . . . . Martial Activations . | . . . . . Shielding Activations . | . . . . . Robots Disrupted . | . . . . . Combat Hostiles . | . . . . . Robots Corrupted . | . . . . . Combat Hostiles . | . . . . . Parts Fried . | . . . . . Impact Corruptions . | . . . . . Robots Melted . | . . . . . Combat Hostiles . | . . . . . Parts Melted 4 | . 1 3 . . Heat Transferred 2368 | 74 1258 1036 . . Parts Sabotaged . | . . . . . Parts Stolen . | . . . . . Parts Stripped . | . . . . . Power Chain Reactions . | . . . . . Alert | -11 -10 -9 -9 -9 ------- Run | Yrd Mat Mat Min Exi Maximum Alert Level 2 | . . 2 1 . Low Security (%) 61 | 100 100 52 56 . Level 1 25 | . . 29 43 . Level 2 12 | . . 17 . . Level 3 . | . . . . . Level 4 . | . . . . . Level 5 . | . . . . . High Security . | . . . . . Max Security . | . . . . . Peak Influence 480 | 5 125 480 242 . Initial 172 | . . 28 172 . Average 177 | . 57 211 189 . Influence Increases 1218 | 5 211 917 85 . Destroy 0b10 Robot/C 780 | . 140 580 60 . Destroy 0b10 Robot/NC 85 | 5 . 65 15 . Destroy Leader 220 | . 50 160 10 . Successful Hack 11 | . 5 6 . . Disable Machine 60 | . . 60 . . Destroy Structure 32 | . 1 31 . . Lose Combat Pursuer 30 | . 15 15 . . Influence Decreases 1218 | 5 143 541 402 127 Entered New Map 439 | . . 40 272 127 Time Decay 769 | 5 143 491 130 . Lost Part 10 | . . 10 . . Squads Dispatched 4 | . 3 1 . . Investigation 2 | . 1 1 . . Extermination . | . . . . . Reinforcement 2 | . 2 . . . Assault . | . . . . . Garrison . | . . . . . Intercept . | . . . . . Searches Triggered . | . . . . . Construction Impeded . | . . . . . Haulers Reinforced . | . . . . . Active Scanning Responses . | . . . . . Cargo Convoy Interrupts . | . . . . . Stealth | -11 -10 -9 -9 -9 --------- Run | Yrd Mat Mat Min Exi Distress Signals 1 | . . 1 . . Communications Jammed . | . . . . . Distress Signals . | . . . . . Times Spotted 69 | . 12 44 3 10 Peak Tracking Total 9 | . 3 7 1 9 Tactical Retreats 3 | . 1 1 . 1 Traps | -11 -10 -9 -9 -9 ------- Run | Yrd Mat Mat Min Exi Traps Triggered 2 | . 1 1 . . Indirectly . | . . . . . Trap Hack Attempts . | . . . . . Triggered . | . . . . . Disarmed . | . . . . . Reprogrammed . | . . . . . Reused . | . . . . . Traps Extracted . | . . . . . Installed . | . . . . . Triggered . | . . . . . Machines | -11 -10 -9 -9 -9 ---------- Run | Yrd Mat Mat Min Exi Machines Disabled 7 | . . 4 . 3 Max in Single Turn 3 | . . 3 . 1 Machines Repaired . | . . . . . Machines Dismantled . | . . . . . Machines Sabotaged . | . . . . . Overloaded Fab Kills . | . . . . . Hacking | -11 -10 -9 -9 -9 --------- Run | Yrd Mat Mat Min Exi Machines Accessed 9 | . 3 4 . 2 Terminals 6 | . 2 4 . . Fabricators . | . . . . . Repair Stations . | . . . . . Recycling Units 1 | . 1 . . . Scanalyzers . | . . . . . Garrison Access . | . . . . . Total Hacks 20 | . 6 12 . 2 Successful 11 | . 3 6 . 2 Failed 9 | . 3 6 . . Catastrophic 2 | . 1 1 . . Database Lockouts . | . . . . . Manual 13 | . 4 8 . 1 Terminals 16 | . 4 12 . . Fabricators . | . . . . . Repair Stations . | . . . . . Recycling Units 2 | . 2 . . . Scanalyzers . | . . . . . Garrison Access . | . . . . . Terminal Hacks 7 | . . 5 . 2 Record 1 | . . . . 1 Branch Access Points 2 | . . 2 . . Emergency Access Points 1 | . . 1 . . Registered Components 1 | . . 1 . . Zone Layout 1 | . . 1 . . Proto ID Catalog 1 | . . . . 1 Fabricator Hacks . | . . . . . Repair Station Hacks . | . . . . . Recycling Unit Hacks 2 | . 2 . . . Report Inventory 1 | . 1 . . . Retrieve Components 1 | . 1 . . . Scanalyzer . | . . . . . Garrison Access Hacks . | . . . . . Unauthorized Hacks 2 | . 1 1 . . Terminals 2 | . 1 1 . . Botnet 2 | . 1 1 . . Fabricators . | . . . . . Repair Stations . | . . . . . Recycling Units . | . . . . . Scanalyzers . | . . . . . Garrison Access . | . . . . . Data Cores Recovered . | . . . . . Used . | . . . . . Hacking Detections 4 | . 2 2 . . Full Trace Events . | . . . . . Feedback Events . | . . . . . Feedback Blocked . | . . . . . Robot Schematics Acquired . | . . . . . Robots Built . | . . . . . Authchips . | . . . . . Time . | . . . . . Total Robot Build Rating . | . . . . . Part Schematics Acquired . | . . . . . Parts Built . | . . . . . Authchips . | . . . . . Time . | . . . . . Total Part Build Rating . | . . . . . Parts Repaired . | . . . . . Time . | . . . . . Parts Recycled . | . . . . . Recycled Matter . | . . . . . Retrieved Matter . | . . . . . Retrieved Components 1 | . 1 . . . Parts Scanalyzed . | . . . . . Part Schematics Acquired . | . . . . . Parts Damaged . | . . . . . Bothacking | -11 -10 -9 -9 -9 ------------ Run | Yrd Mat Mat Min Exi Used RIF Installer . | . . . . . Robots Hacked . | . . . . . Non-combat . | . . . . . Combat . | . . . . . Robot Hacks Applied . | . . . . . Relay Couplers Released . | . . . . . Fabnet Peak Effective % . | . . . . . Robots Rewired . | . . . . . Allies Hacked . | . . . . . Hacks Repelled . | . . . . . Allies | -11 -10 -9 -9 -9 -------- Run | Yrd Mat Mat Min Exi Total Allies . | . . . . . Largest Group . | . . . . . Highest-Rated Group . | . . . . . Highest-Rated Ally . | . . . . . Total Orders . | . . . . . Ally Attacks . | . . . . . Total Damage . | . . . . . Kills . | . . . . . Allies Corrupted . | . . . . . Allies Melted . | . . . . . Intel | -11 -10 -9 -9 -9 ------- Run | Yrd Mat Mat Min Exi Active Infowar (turns) 153 | 14 139 . . . Seismic 153 | 14 139 . . . Robot Analysis Total . | . . . . . Derelict Logs Recovered 1 | . . . 1 . Drone Launches . | . . . . . Drone Recoveries . | . . . . . Exploration | -11 -10 -9 -9 -9 ------------- Run | Yrd Mat Mat Min Exi Turns Passed 3518 | 110 405 1962 261 780 Spaces Moved 1751 | 60 153 974 144 420 Core 11 | 11 . . . . Treads 1740 | 49 153 974 144 420 Legs . | . . . . . Wheels . | . . . . . Hover . | . . . . . Flight . | . . . . . Fastest Speed 50 | 50 160 160 160 160 Average Speed 159 | 139 160 160 160 160 Slowest Speed 160 | 160 160 160 160 160 Overloaded Moves . | . . . . . Propulsion Burnouts . | . . . . . Robots Hopped . | . . . . . Potential Cave-ins . | . . . . . Cave-ins Triggered . | . . . . . Exploration Rate (%) 42 | 5 28 85 29 67 Regions Visited 4 Branch Regions 2 Pre-discovered Areas 2 | . . . 1 1 Known Exits Taken 1 | . . 1 . . Unknown Exits Taken 3 | 1 1 . 1 . Scrap Searched 1 | . . . 1 . Spaces Dug . | . . . . . Terrain Destroyed 35 | . . 28 . 7 Melee . | . . . . . Projectile . | . . . . . AOE 35 | . . 28 . 7 Terrain Rammed . | . . . . . Walls Destroyed . | . . . . . Machines Disabled . | . . . . . Actions | -11 -10 -9 -9 -9 --------- Run | Yrd Mat Mat Min Exi Total 2173 | 81 237 1218 157 480 Wait 112 | . 31 69 1 11 Move 1747 | 59 152 973 143 420 Hop . | . . . . . Pick Up 56 | 12 6 30 2 6 Fast Attach 2 | . . 2 . . Attach 18 | 7 1 3 . 7 Detach . | . . . . . Swap 22 | . 1 15 2 4 Drop 36 | . 3 30 . 3 Fire 180 | 3 43 96 9 29 Melee . | . . . . . Ram . | . . . . . Kick . | . . . . . Crush . | . . . . . Escape Stasis . | . . . . . Rewire . | . . . . . Trap . | . . . . . Miscellaneous . | . . . . . Route ------- -11/Scrapyard -10/Materials -9/Materials (discovered 5 exits: [*Mat x3] / *Min / *Sto) -9/Mines -9/Exiles History --------- Turn | Location | Event 10 | -11/Scrapyard | Discovered new exit (range 14) 111 | -11/Scrapyard | Entered Materials 306 | -10/Materials | Build established: Mutant 460 | -10/Materials | Discovered new exit (range 15) 516 | -10/Materials | Entered another Materials area 516 | -9/Materials | Evolved 2 slots: Propulsion x1, Weapon x1 783 | -9/Materials | Identified exit to Mines 783 | -9/Materials | Identified exit to Storage 955 | -9/Materials | Build established: Tank 1296 | -9/Materials | Discovered new exit (range 16) 1631 | -9/Materials | Discovered new exit (range 11) 1690 | -9/Materials | Build established: Scavenger-Tank 2187 | -9/Materials | Discovered new exit (range 14) 2478 | -9/Materials | Entered Mines 2658 | -9/Mines | Learned location of Zion (-6) 2709 | -9/Mines | Received a Rocket Launcher from a helpful Derelict 2731 | -9/Mines | Deemed a non-threat by the Exiles lab entrance 2733 | -9/Mines | Discovered new exit (range 5) 2739 | -9/Mines | Entered Exiles 2779 | -9/Exiles | Met 8R-AWN 2805 | -9/Exiles | Met EX-HEX 2891 | -9/Exiles | Met EX-DEC 3222 | -9/Exiles | Met EX-BIN 3240 | -9/Exiles | Aligned with FarCom system 3241 | -9/Exiles | Given EX-Vault access code 3278 | -9/Exiles | Opened EX-Vault 3289 | -9/Exiles | Found Gui. Plasma Cannon 3319 | -9/Exiles | Warned to stay clear of 0b10 Research branches 3344 | -9/Exiles | Exiles lab attacked by MAIN.C 3426 | -9/Exiles | Attacked by the Exiles 3445 | -9/Exiles | Core integrity fell below 50% 3502 | -9/Exiles | Core integrity fell below 20% 3519 | -9/Exiles | Destroyed by D-53 Grenadier with Mini Grenade Launcher Last Messages --------------- 03484_ Penetrated by HV Slug. 03488_ Critical hit (Destroy). 03488_ Penetrated by HV Slug. 03495_ 8R-AWN suffers critical hit (Destroy). 03495_ Destroyed Prototype Leg. 03496_ Penetrated by HV Slug. 03496_ Critical hit (Destroy). 03496_ Hvy. Assault Rifle destroyed. 03496_ Penetrated by HV Slug. 03496_ Critical hit (Destroy). 03496_ Lgt. Treads destroyed. 03501_ Penetrated by HV Slug. 03502_ Acquired 15 matter. 03504_ Slug penetrates 8R-AWN. 03504_ Slug penetrates DAS Turret. 03505_ Penetrated by HV Slug. 03510_ Slug penetrates 8R-AWN. 03513_ Penetrated by HV Slug. 03516_ Slug penetrates 8R-AWN. 03516_ 8R-AWN destroyed. Map ----- +----------------------------------------------------+ | ????????????????????????????????????#""""""?# | | ????????????????????????????????????##"###??# | | ????????????????????????????????????????????# | | ????????????????????????????????????????????# | | ???????????????????????????????????????????## | | ???????????#######?????????????????????????#" | | ####???????#!!! "#?????????????????????????#" | | #""#??????# "#?????????????????????????#" | | ??????# "#?????????????????????????#" | | #????## ""#????????????##???????????#" | | #####" ""#???????????? """????????#" | | ##" ""?????????????" """#???????## | | #"" #?????????????"" #????????# | | # #????????????#"" #????????#" | | ???# ##???????????#"" "#????????#" | | ????## "#???????????? ""?????????#" | | #####" ###??????????"" ""????????##" | | !""""" ##?????????# ####?????##"" | | "###" ######???## # #######"" | | "#?##" """#####X ##""""""" | | ##??# """"" " "" | | """"""###???#"# """ " | | ######??????#### | | ?????????????##### =[* hg | | ??????????? ;;;=%* % g | | ??????????????????###=! @ d | | ????????????????????## %! g | | ?????????????????????## | | ??????????????????????# """""" | | ??????????????????????# ######""" | | ?????????????????????#"" "##????#### | | ?????????????????????#""" """##????????? | | ?????????????????????""" g """##?????????? | | ?????????????????????"" t ""#??????????? | | ?????????????????????"" ########??### | | ?????????????????????"" ## ####"" | | ?????????????????????"" """" | | ?????????????????????#"" | | ??????????????????????"""" | | ??????????????????????# | | ???????????????????????" " | | ???????????????????????"""" ""## ## | | ???????????????????????"" ""#### ## | | ???????????????????????? """"##??# #? | | ????????????????????????"" """#??## ## | | ????????????????????????? ""##??#!! " | | ?????????????????????????" """##???#" | | ??????????????????????????"" #?????#" | | ???????????????????????????""" #??????#!!"" | | ????????????????????????????? ???????###### | +----------------------------------------------------+ Best States ------------- Heat Dissipation 28 Energy Generation 14 Energy Capacity 265 Matter Stores 300 Matter Capacity 300 Sight Range 16 Terrain Scan Density 10 Armor Coverage 150 Evasion (%) 50 Recoil Reduction 3 Item Schematics ----------------- None Robot Schematics ------------------ None Fabricated ------------ Nothing Repaired ---------- Nothing Alien Tech Used ----------------- None Achievements -------------- None Challenges ------------ None Game ------ Seed BlastSpacefoldHumpback Manual? 0 Play Time 00:26:22 Cumulative 200.8 hours Start 2025.08.25 @ 14:20:37 End 2025.08.25 @ 17:45:42 Sessions 3 Manual Loads 0 Difficulty Rogue Special Mode None Game No. 311 Rogue 311 Adventurer 0 Explorer 0 Win Type - Total 4 Types 3/0/1/0/0/0/0/0/0/0 Lore% 79 Gallery% 75 Achievement% 55 Wizard Run 0 Options --------- Layout 1 ASCII 0 Keyboard 0 Movement Mouse Keybinds 0 Fullscreen 1 Font 24/Smallcaps Map View 50x40 Zoom Use 0% Tactical HUD 1 Map Filters NONE Filters NONE Steam 1 RUN: 228199fd-f6d4-4291-af5c-12f66ca443f4